 Seeded DCSS version 0.30-a0-377-g5cb311bc9f (webtiles) character file.

Game seed: 9043500393456703904 (custom seed)

779 purpskrrrp the Digger (level 7, -3/66 HPs)
             Began as a Troll Earth Elementalist on Nov 28, 2022.
             Was a Believer of Dithmenos.
             Slain by an ogre
             ... wielding a +0 giant club
              (18 damage)
             ... on level 5 of the Dungeon.
             The game lasted 00:08:41 (3524 turns).

purpskrrrp the Digger (Troll Earth Elementalist)    Turns: 3524, Time: 00:08:42

Health: -3/66      AC:  4    Str: 17    XL:     7   Next: 54%
Magic:  7/7        EV: 10    Int: 13    God:    Dithmenos [**....]
Gold:   238        SH:  0    Dex: 16    Spells: 1/8 levels left

rFire   . . .      SeeInvis .      - Unarmed
rCold   . . .      Faith    .    (no shield)
rNeg    . . .      Spirit   .    a - +0 robe
rPois   .          Reflect  .    (helmet restricted)
rElec   .          Harm     .    (no cloak)
rCorr   .          Rampage  .    (gloves unavailable)
Will    .....                    (boots unavailable)
Stlth   ++........               m - amulet of regeneration
HPRegen 1.91/turn                l - +6 ring of dexterity
MPRegen 0.10/turn                (no ring)

@: wreathed by umbra
A: large, unfitting armour, claws 3, regeneration 1, shaggy fur 1, tough skin 1
a: Renounce Religion, Shadow Step


You were on level 5 of the Dungeon.
You worshipped Dithmenos.
Dithmenos was pleased with you.
You visited 1 branch of the dungeon, and saw 6 of its levels.

You collected 238 gold pieces.

Inventory:

Armour
 a - a +0 robe (worn)
Jewellery
 l - a +6 ring of dexterity (left claw)
 m - an amulet of regeneration (around neck)
Scrolls
 i - a scroll of vulnerability {unknown}
 p - a scroll of noise {unknown}
 r - a scroll of enchant armour {unknown}
 t - a scroll of magic mapping {unknown}
 u - a scroll of identify
Potions
 b - 3 potions of magic
 c - a potion of cancellation {unknown}
 d - a potion of resistance {unknown}
 e - 2 potions of might {unknown}
 j - 3 potions of brilliance
 k - a potion of attraction
 o - a potion of mutation {unknown}
 s - a potion of ambrosia {unknown}


   Skills:
 + Level 2.5 Fighting
 - Level 1.5 Dodging
 - Level 1.0 Stealth
 * Level 4.6 Unarmed Combat
 - Level 1.2 Spellcasting
 + Level 2.5 Transmutations
 * Level 5.2 Earth Magic


You had one spell level left.
You knew the following spells:

 Your Spells              Type           Power      Damage    Failure   Level
a - Sandblast             Erth           28%        2d8       3%          1
b - Statue Form           Tmut/Erth      6%         N/A       100%        6

Your spell library contained the following spells:

 Spells                   Type           Power      Damage    Failure   Level
 Passwall                 Tmut/Erth      8%         N/A       9%          2
 Stone Arrow              Conj/Erth      14%        3d7       28%         3
 Petrify                  Tmut/Erth      10%        N/A       50%         4
 Lee's Rapid Deconstruct  Erth           7%         3d6*      65%         5
 Leda's Liquefaction      Hex/Erth       3%         N/A       67%         4
 Cause Fear               Hex            0%         N/A       95%         4
 Dragon Form              Tmut           3%         N/A       100%        7
 Dragon's Call            Summ           0%         N/A       100%        9


Dungeon Overview and Level Annotations

Branches:
Dungeon (6/15)
 Temple: D:4-7

Altars:
Dithmenos
Elyvilon
Hepliaklqana
Qazlal
Ru

Annotations:
D:5 Grinder


Innate Abilities, Weirdness & Mutations

You are too large for most types of armour.
You have claws for hands.
Your natural rate of healing is unusually fast.
You are covered in fur. (AC +1)
You have tough skin. (AC +1)


Message History

The ogre is moderately wounded.
You claw the ogre!
The ogre is severely wounded.
The ogre misses you.
You barely miss the ogre.
The ogre is severely wounded.
The ogre hits you with a +0 giant club!!
* * * LOW HITPOINT WARNING * * *
You barely miss the ogre.
The ogre is severely wounded.
The ogre barely misses you.
You scratch the ogre.
The ogre is severely wounded.
The ogre completely misses you.
You are too injured to fight recklessly!
You are too injured to fight recklessly!
You are too injured to fight recklessly!
You are too injured to fight recklessly!
You are too injured to fight recklessly!
You are too injured to fight recklessly!
You are too injured to fight recklessly!
You are too injured to fight recklessly!
You are too injured to fight recklessly!
You are too injured to fight recklessly!
You are too injured to fight recklessly!
You are too injured to fight recklessly!
You are too injured to fight recklessly!
You are too injured to fight recklessly!
You are too injured to fight recklessly!
You are too injured to fight recklessly!
You are too injured to fight recklessly!
You are too injured to fight recklessly!
The centaur shouts!
You claw the ogre!
You kill the ogre!
Dithmenos accepts your kill.
The centaur shoots an arrow.
The arrow hits you!
* * * LOW HITPOINT WARNING * * *
The ogre hits you with a +0 giant club!!
You die...

≈≈## ##...##
⌠≈≈## ##.....##
..≈≈# .
#.......# _.⌠≈#
.? #.......#
..≈≈# ...
#.......# ⌠≈≈##
..(. #.....#
≈≈##
.....###.....##
###
......O)......#
.....#@......#
..O# #.......#
.. ##......8#
##......#.
####c..#. ...#.
..#


You could see an ogre and a centaur.

Vanquished Creatures
  A black bear (D:5)
  A centaur (D:5)
  An ogre (D:5)
  2 bullfrogs (D:6)
  3 scorpions
  An orc priest (D:5)
  2 iguanas (D:6)
  Jessica (D:2)
  3 gnolls (D:5)
  6 adders
  An ufetubus (D:6)
  A worm (D:2)
  2 dart slugs
  18 orcs
  6 endoplasms
  3 giant cockroaches (D:1)
  6 goblins
  7 hobgoblins
  5 quokkas
  5 ball pythons
  5 bats
  2 frilled lizards
  4 kobolds
  4 rats
90 creatures vanquished.

Notes
Turn   | Place    | Note
-------+----------+-------------------------------------------
     0 | D:1      | purpskrrrp the Troll Earth Elementalist began the quest for
                  | the Orb.
     0 | D:1      | Reached XP level 1. HP: 16/16 MP: 1/1
   170 | D:1      | Reached XP level 2. HP: 24/24 MP: 0/2
   286 | D:1      | Reached skill level 1 in Unarmed Combat
   363 | D:1      | Reached skill level 1 in Transmutations
   363 | D:1      | Reached skill level 3 in Earth Magic
   547 | D:2      | Reached XP level 3. HP: 32/32 MP: 3/3
  1021 | D:2      | Noticed Jessica
  1026 | D:2      | Killed Jessica
  1027 | D:2      | Reached skill level 1 in Fighting
  1027 | D:2      | Reached XP level 4. HP: 41/41 MP: 0/4
  1934 | D:3      | Reached XP level 5. HP: 48/48 MP: 1/5
  2085 | D:3      | Found a hazy altar of Hepliaklqana.
  2190 | D:3      | Found a faded altar of an unknown god.
  2671 | D:3      | Prayed at the altar of an unknown god.
  2671 | D:3      | Became a worshipper of Dithmenos the Shadowed
  2671 | D:3      | Reached * piety under Dithmenos
  2915 | D:4      | You fall into a shaft and drop 2 floors!
  2946 | D:6      | Reached skill level 4 in Earth Magic
  3189 | D:6      | Found a sacrificial altar of Ru.
  3215 | D:6      | Reached XP level 6. HP: 47/57 MP: 4/6
  3333 | D:5      | Entered Level 5 of the Dungeon
  3347 | D:5      | Learned a level 6 spell: Statue Form
  3365 | D:5      | Noticed an air elemental
  3371 | D:5      | Noticed a fire elemental
  3373 | D:5      | Found a stormy altar of Qazlal.
  3376 | D:5      | Noticed a water elemental
  3391 | D:5      | Noticed Grinder
  3419 | D:6      | Reached XP level 7. HP: 14/65 MP: 5/7
  3451 | D:5      | Reached skill level 5 in Earth Magic
  3474 | D:5      | HP: 1/66 [gnoll sergeant/+0 spear (9)]
  3486 | D:5      | Found a white marble altar of Elyvilon.
  3517 | D:5      | Reached ** piety under Dithmenos
  3524 | D:5      | Slain by an ogre

Illustrated notes

Levels and vault maps discovered:
D:1:      minmay_arrival_open_corners, layout_basic
D:2:      minmay_alternating_diamond, layout_basic, uniq_jessica
D:3:      layout_rooms, mainiacjoe_overflow_cross_hatched,
          chequers_ecumenical_altar_simple, serial_aquarium,
          aquarium_bridge_long_joined [aquarium_subvault_wall,
          aquarium_subvault_balcony, aquarium_subvault_bridge,
          aquarium_subvault_wall, aquarium_subvault_balcony,
          aquarium_subvault_bridge], aquarium_bridge_square
          [aquarium_subvault_bridge, aquarium_subvault_bridge,
          aquarium_subvault_wall, aquarium_subvault_wall],
          aquarium_window_corner, aquarium_window_corner, aquarium_window_fake,
          aquarium_window_2, aquarium_view_2b,
          hangedman_abyss_or_decor_lesser_grid, dreamdust_wishing_well,
          minmay_starry_boxes
D:4:      layout_loops_cross, nicolae_dithmenos_the_darkroom,
          lemuel_mausoleum_altar_yredelemnul, temple_pool_b, uniq_ijyb,
          uniq_natasha
D:5:      layout_rooms, nicolae_elyvilon_temple_path,
          nicolae_qazlal_style_of_elements, biasface_ghost_orc_armoury,
          uniq_grinder
D:6:      layout_loops_corners, kennysheep_little_box, general_overflow_altar

Skill      XL: |  1  2  3  4  5  6  7 |
---------------+----------------------+-----
Unarmed Combat | 1 2 3 4 |  4.6
Transmutations | 1 2 |  2.5
Earth Magic    | 3 4 5 |  5.2
Fighting       | 1 2 |  2.5
Dodging        | |  1.5
Stealth        | |  1.0
Spellcasting   | |  1.2

Action                   |  1- 3 |  4- 6 |  7- 9 || total
-------------------------+-------+-------+-------++-------
Melee: Unarmed           |    38 |   136 |    49 ||   223
Throw: Javelin           |       |     3 |       ||     3
 Cast: Sandblast         |    28 |    47 |     3 ||    78
  Use: Scroll            |       |     7 |     1 ||     8
       Potion            |       |     5 |     1 ||     6
 Stab: Invisible         |       |       |     2 ||     2
Armor: Robe              |     9 |    33 |    10 ||    52
Dodge: Dodged            |    14 |    89 |    41 ||   144

Table legend: (Time is in decaauts)
 A = Elapsed time spent in this place.
 B = Non-inter-level travel time spent in this place.
 C = Inter-level travel time spent in this place.
 D = Time resting spent in this place.
 E = Time spent auto-exploring this place.
 F = Levels seen in this place.
 G = Mean time per level.
                   A        B        C        D        E       F      G
               +--------+--------+--------+--------+--------+-----+--------+
         Total |   3532 |   3373 |    159 |     83 |   2643 |   6 |  588.7 |
       Dungeon |   3532 |   3373 |    159 |     83 |   2643 |   6 |  588.7 |
               +--------+--------+--------+--------+--------+-----+--------+

Top non-repeatable levels by time:
     D:2: 1204 daAuts
     D:3: 1029 daAuts
     D:1: 522 daAuts
     D:6: 443 daAuts
     D:5: 169 daAuts
     D:4: 164 daAuts
